Cogmind - Beta 13 @@@ ROGUE MODE // 2024.06.08 @ 14:35:02 Player: Some Pennies Result: Destroyed by S5-4DT(R) with Subdweller Beam Cannon Performance ------------- Evolutions (0) 0 Regions Visited (2) 400 Robots Destroyed (38) 190 Value Destroyed (862) 862 Prototype IDs (12) 240 Alien Tech Used (0) 0 Bonus (0) 0 TOTAL SCORE: 1692 Bonus ------- None Cogmind --------- Core Integrity 0/250 Matter 281/300 Energy 200/200 System Corruption 1% Temperature Cool (9) Movement Treading (160) Location -10/Subcaves Parts ------- > --- POWER (1) -------- Subdweller Power Source > --- PROPULSION (2) --- Light Treads Improved Treads > --- UTILITY (2) ------ Improved Heat Sink Large Storage Unit > --- WEAPON (2) ------- Makeshift Hammer > --- INVENTORY (15) --- Improved Treads Improved Treads Improved Treads Cargo Legs Medium Storage Unit Signal Interpreter Improved Terrain Scanner Makeshift Hacking Suite Scrap Shield Fragment (46) Scrap Shield Fragment (45) Peak State ------------ > --- POWER ------------ Subdweller Power Source > --- PROPULSION ------- Light Treads Improved Treads > --- UTILITY ---------- Improved Heat Sink Large Storage Unit > --- WEAPON ----------- Subdweller Machine Gun Makeshift Hammer > --- INVENTORY -------- Improved Treads Improved Treads Improved Treads Cargo Legs Medium Storage Unit Signal Interpreter Improved Terrain Scanner Makeshift Hacking Suite Scrap Shield Fragment Scrap Shield Fragment [Rating: 18] Favorites ----------- Power Ion Engine Engine Ion Engine Propulsion Light Treads Treads Light Treads Utility Large Storage Unit Device Improved Terrain Scanner Storage Large Storage Unit Protection Makeshift Thermal Plating Weapon Heavy EM Pulse Gun Energy Gun Heavy EM Pulse Gun Ballistic Gun Light Assault Rifle Special Weapon Enhanced Flamer Impact Weapon Makeshift Hammer Build | -11 -10 -10 ------- Run | Yrd Mat Sub Slots Evolved . | . . . Power . | . . . Propulsion . | . . . Utility . | . . . Weapon . | . . . Parts Attached 44 | 6 13 25 Power 4 | . 1 3 Engine 4 | . 1 3 Core . | . . . Reactor . | . . . Propulsion 10 | 2 2 6 Treads 10 | 2 2 6 Leg . | . . . Wheel . | . . . Hover . | . . . Flight . | . . . Utility 14 | 2 6 6 Device 11 | 1 5 5 Storage 2 | 1 1 . Processor . | . . . Hackware . | . . . Protection 1 | . . 1 Artifact . | . . . Weapon 16 | 2 4 10 Energy Gun 5 | . 3 2 Energy Cannon . | . . . Ballistic Gun 8 | 2 1 5 Ballistic Cannon . | . . . Launcher . | . . . Special Weapon 1 | . . 1 Impact Weapon 2 | . . 2 Slashing Weapon . | . . . Piercing Weapon . | . . . Special Melee Weapon . | . . . Unidentified Prototypes . | . . . Parts Lost 10 | . 1 9 Power 1 | . . 1 Propulsion 2 | . . 2 Utility 2 | . 1 1 Weapon 5 | . . 5 Highest Loss Streak 3 | . 1 3 To Critical Strikes . | . . . Average Slot Usage (%) 98 | . 99 97 Engine 14 | . 14 14 Treads 28 | . 28 28 Device 12 | . 13 12 Storage 14 | . 14 14 Energy Gun 18 | . 25 10 Ballistic Gun 6 | . 2 11 Impact Weapon 1 | . . 3 Naked Turns . | . . . Heaviest Build 33 | 8 32 33 Greatest Support 40 | 40 40 40 Greatest Overweight (x) 1 | 1 . . Average Overweight (x) . | . . . Largest Inventory Capacity 15 | 8 15 15 Average Capacity 13 | 7 13 15 Most Carried 15 | 4 15 15 Average Carried 12 | 1 12 14 Final Capacity 15 | 8 15 15 Final Carried 15 | 3 15 11 Class Distribution -------------------- 100% | Mutant Dominant Class ---------------- Mutant | -10/Materials Mutant | -10/Subcaves Resources | -11 -10 -10 ----------- Run | Yrd Mat Sub Matter Collected 747 | 302 156 289 Remotely . | . . . Salvage Created 1608 | 139 1076 393 Parts 90 | 10 63 17 Haulers Intercepted 2 | . 2 . Recyclers Shooed 3 | . 3 . Parts Field Recycled . | . . . Retrieved Matter . | . . . Parts Self-Destructed 8 | . . 8 Prevented 2 | . . 2 Kills | -11 -10 -10 ------- Run | Yrd Mat Sub Combat Hostiles Destroyed 22 | . 14 8 Guns 21 | . 14 7 AOE 1 | . . 1 Classes Destroyed 9 | 2 6 1 Worker 3 | . 3 . Builder 1 | . 1 . Tunneler 3 | 3 . . Hauler 2 | . 2 . Recycler 4 | 1 3 . Watcher 3 | . 3 . Swarmer 3 | . 3 . Grunt 12 | . 11 1 Subdweller 7 | . . 7 Best Kill Streak 4 | 1 4 2 Combat Bots Only 3 | . 3 2 Max Kills in Single Turn 1 | 1 1 1 Gunslinging . | . . . Exploded 1 | . . 1 Melee . | . . . Uniques/NPCs Destroyed . | . . . Combat | -11 -10 -10 -------- Run | Yrd Mat Sub Hostile Shots Fired 104 | . 41 63 Missed 28 | . 11 17 Damage Taken 1572 | . 386 1186 Core 268 | . 72 196 Absorbed by Shields . | . . . Core Remaining (%) 100 | 100 . . Volleys Fired 130 | 21 63 46 Largest 2 | 2 2 2 Hottest 110 | 40 90 110 Shots Fired 260 | 42 126 92 Gun 257 | 42 126 89 Cannon . | . . . Launcher . | . . . Special 3 | . . 3 Kinetic 108 | 42 25 41 Thermal 3 | . . 3 Explosive . | . . . Electromagnetic 149 | . 101 48 Robot Hit Streak 14 | 10 9 14 Robot Miss Streak 8 | 3 8 1 Penetration Max . | . . . Secondary Targets 2 | . 1 1 Max Gunslinging Chain 1 | . 1 1 Shots Hit Robots 139 | 26 57 56 Core Hits 56 | 9 30 17 Critical Kills 1 | . . 1 Critical Parts Destroyed . | . . . Critical Strikes 3 | . 1 2 Destroy 1 | . . 1 Corrupt 2 | . 1 1 Melee Attacks 4 | . . 4 Impact 4 | . . 4 Slashing . | . . . Piercing . | . . . Sneak Attacks . | . . . Combat Hostiles . | . . . Follow-up Attacks . | . . . Damage Inflicted 2064 | 229 952 883 Guns 1895 | 229 902 764 Cannons . | . . . Explosions 91 | . 50 41 Melee 56 | . . 56 Ramming . | . . . Kinetic 679 | 229 110 340 Thermal 113 | . 50 63 Explosive . | . . . Electromagnetic 1216 | . 792 424 Impact 56 | . . 56 Slashing . | . . . Piercing . | . . . Highest Corruption 1 | . 1 1 Average Corruption 1 | . 1 1 Corruption Purged . | . . . Corruption Blocked . | . . . Effects 17 | . 8 9 Message Errors 5 | . 2 3 Matter Fused 2 | . 1 1 Heat Flow Errors 3 | . 2 1 Data Loss (minor) 5 | . 3 2 Data Loss (major) 1 | . . 1 Misfires 1 | . . 1 Overload Shots . | . . . Overflow Damage 6 | . . 6 Projectiles . | . . . Explosions 6 | . . 6 Melee . | . . . Knockbacks 1 | . . 1 Impact 1 | . . 1 Kinetic . | . . . Secondary . | . . . Self-Inflicted Damage 65 | . 31 34 Shots 3 | . 2 1 Rammed . | . . . Targets Rammed . | . . . Kicked . | . . . Crushed . | . . . Highest Temperature 305 | . 305 106 Average Temperature 63 | . 63 62 Received Heat Transfer 255 | . 180 75 Effects 1 | . 1 . Energy Bleed 1 | . 1 . Siege Activations . | . . . Robots Corrupted . | . . . Combat Hostiles . | . . . Parts Fried 10 | . 6 4 Impact Corruptions . | . . . Robots Melted . | . . . Combat Hostiles . | . . . Parts Melted . | . . . Heat Transferred 310 | . 100 210 Parts Sabotaged . | . . . Parts Stolen . | . . . Parts Stripped . | . . . Power Chain Reactions 3 | . 2 1 Alert | -11 -10 -10 ------- Run | Yrd Mat Sub Peak Influence 234 | 20 234 . Initial 13 | . 13 . Average 85 | 10 92 . Maximum Alert Level 1 | . 1 . Low Security (%) 94 | 100 94 . Level 1 5 | . 5 . Level 2 . | . . . Level 3 . | . . . Level 4 . | . . . Level 5 . | . . . High Security . | . . . Max Security . | . . . Squads Dispatched 5 | . 5 . Investigation 5 | . 5 . Extermination . | . . . Reinforcement . | . . . Assault . | . . . Garrison . | . . . Intercept . | . . . Searches Triggered . | . . . Construction Impeded . | . . . Haulers Reinforced . | . . . Active Scanning Responses . | . . . Cargo Convoy Interrupts . | . . . Stealth | -11 -10 -10 --------- Run | Yrd Mat Sub Distress Signals 1 | . 1 . Communications Jammed . | . . . Distress Signals . | . . . Times Spotted 37 | . 26 11 Peak Tracking Total 3 | . 3 2 Tactical Retreats 3 | . 2 1 Traps | -11 -10 -10 ------- Run | Yrd Mat Sub Traps Triggered . | . . . Indirectly . | . . . Trap Hack Attempts . | . . . Triggered . | . . . Disarmed . | . . . Reprogrammed . | . . . Reused . | . . . Traps Extracted . | . . . Installed . | . . . Triggered 1 | . 1 . Machines | -11 -10 -10 ---------- Run | Yrd Mat Sub Machines Disabled 1 | . . 1 Max in Single Turn 1 | . . 1 Machines Repaired . | . . . Machines Dismantled . | . . . Machines Sabotaged . | . . . Overloaded Fab Kills . | . . . Hacking | -11 -10 -10 --------- Run | Yrd Mat Sub Machines Accessed 11 | . 10 1 Terminals 8 | . 8 . Fabricators . | . . . Repair Stations . | . . . Recycling Units 2 | . 2 . Scanalyzers . | . . . Garrison Access . | . . . Total Hacks 45 | . 36 9 Successful 24 | . 15 9 Failed 21 | . 21 . Catastrophic 1 | . 1 . Database Lockouts . | . . . Manual 18 | . 18 . Terminals 31 | . 31 . Fabricators . | . . . Repair Stations . | . . . Recycling Units 5 | . 5 . Scanalyzers . | . . . Garrison Access . | . . . Terminal Hacks 22 | . 13 9 Record 8 | . . 8 Robot Analysis 5 | . 5 . Prototype ID Bank 1 | . 1 . Locate Traps 4 | . 4 . Recall Investigation 1 | . 1 . Zone Layout 2 | . 2 . Derelict Proto ID Bank 1 | . . 1 Fabricator Hacks . | . . . Repair Station Hacks . | . . . Recycling Unit Hacks 1 | . 1 . Retrieve Components 1 | . 1 . Scanalyzer . | . . . Garrison Access Hacks . | . . . Unauthorized Hacks 1 | . 1 . Terminals . | . . . Fabricators . | . . . Repair Stations . | . . . Recycling Units 1 | . 1 . Tunnel 1 | . 1 . Scanalyzers . | . . . Garrison Access . | . . . Data Cores Recovered . | . . . Used . | . . . Hacking Detections 9 | . 9 . Full Trace Events 8 | . 8 . Feedback Events 1 | . 1 . Corruption 1 | . 1 . Feedback Blocked . | . . . Robot Schematics Acquired . | . . . Robots Built . | . . . Authchips . | . . . Time . | . . . Total Robot Build Rating . | . . . Part Schematics Acquired . | . . . Parts Built . | . . . Authchips . | . . . Time . | . . . Total Part Build Rating . | . . . Parts Repaired . | . . . Time . | . . . Parts Recycled . | . . . Recycled Matter . | . . . Retrieved Matter . | . . . Retrieved Components 2 | . 2 . Parts Scanalyzed . | . . . Part Schematics Acquired . | . . . Parts Damaged . | . . . Bothacking | -11 -10 -10 ------------ Run | Yrd Mat Sub Used RIF Installer . | . . . Robots Hacked . | . . . Non-combat . | . . . Combat . | . . . Robot Hacks Applied . | . . . Relay Couplers Released . | . . . Fabnet Peak Effective % . | . . . Robots Rewired . | . . . Allies Hacked . | . . . Hacks Repelled . | . . . Allies | -11 -10 -10 -------- Run | Yrd Mat Sub Total Allies . | . . . Largest Group . | . . . Highest-Rated Group . | . . . Highest-Rated Ally . | . . . Total Orders . | . . . Ally Attacks . | . . . Total Damage . | . . . Kills . | . . . Allies Corrupted . | . . . Allies Melted . | . . . Intel | -11 -10 -10 ------- Run | Yrd Mat Sub Robot Analysis Total 5 | . 5 . Derelict Logs Recovered 1 | . . 1 Drone Launches . | . . . Drone Recoveries . | . . . Exploration | -11 -10 -10 ------------- Run | Yrd Mat Sub Turns Passed 3903 | 190 2060 1653 Spaces Moved 2035 | 84 1072 879 Core 19 | 19 . . Treads 2016 | 65 1072 879 Legs . | . . . Wheels . | . . . Hover . | . . . Flight . | . . . Fastest Speed 50 | 50 160 160 Average Speed 159 | 145 160 160 Slowest Speed 160 | 160 160 160 Overloaded Moves . | . . . Propulsion Burnouts . | . . . Robots Hopped . | . . . Cave-ins Triggered . | . . . Exploration Rate (%) 48 | 5 99 41 Regions Visited 2 Branch Regions 1 Pre-discovered Areas 2 | . 1 1 Known Exits Taken . | . . . Unknown Exits Taken 2 | 1 1 . Scrap Searched 5 | . . 5 Spaces Dug . | . . . Terrain Destroyed 13 | . 8 5 Melee . | . . . Projectile . | . . . AOE 13 | . 8 5 Terrain Rammed . | . . . Walls Destroyed . | . . . Machines Disabled . | . . . Actions | -11 -10 -10 --------- Run | Yrd Mat Sub Total 2447 | 119 1297 1031 Wait 172 | . 121 51 Move 2033 | 83 1071 879 Hop . | . . . Pick Up 38 | 9 17 12 Fast Attach 9 | . 6 3 Attach 17 | 6 1 10 Detach 1 | . 1 . Swap 18 | . 6 12 Drop 25 | . 11 14 Fire 130 | 21 63 46 Melee 4 | . . 4 Ram . | . . . Kick . | . . . Crush . | . . . Escape Stasis . | . . . Rewire . | . . . Trap . | . . . Miscellaneous . | . . . Route ------- -11/Scrapyard -10/Materials (discovered 5 exits: [*Mat x3] / [*Min] / *Sub) -10/Subcaves (discovered 1 exit: [*Mat]) History --------- Turn | Location | Event 13 | -11/Scrapyard | Discovered new exit (range 15) 191 | -11/Scrapyard | Entered Materials 307 | -10/Materials | Build established: Mutant 653 | -10/Materials | Discovered new exit (range 16) 773 | -10/Materials | Discovered new exit (range 15) 1426 | -10/Materials | Discovered new exit (range 16) 1794 | -10/Materials | Discovered new exit (range 16) 2242 | -10/Materials | Discovered new exit (range 4) 2251 | -10/Materials | Entered Subcaves 2435 | -10/Subcaves | Discovered new exit (range 11) 2496 | -10/Subcaves | Learned location of Zion (-6) 2656 | -10/Subcaves | Visited 4L-MR0's lab 2685 | -10/Subcaves | Found Cargo Legs 2872 | -10/Subcaves | Shifting Twisted Machinery released Sub. Monowheel 3170 | -10/Subcaves | Core integrity fell below 50% 3203 | -10/Subcaves | Lost 3 parts (1p1n1w) 3441 | -10/Subcaves | Shifting Twisted Machinery released Flamer 3451 | -10/Subcaves | Shifting Twisted Machinery released Mak. Hacking Suite 3667 | -10/Subcaves | Disturbed a concealed Subdweller 3668 | -10/Subcaves | Ambushed by Subdweller buried in earth 3671 | -10/Subcaves | Core integrity fell below 20% 3904 | -10/Subcaves | Destroyed by S5-4DT(R) with Subdweller Beam Cannon Last Messages --------------- 03657_ Dropped Riot Gun. 03659_ Acquired Sub. Machine Gun. 03661_ Dropped Sub. Machine Gun. 03663_ Acquired Riot Gun. 03667_ AD-AFO(R) angrily emerges from the Twisted Machinery. 03667_ Seismic Detector destroyed. 03668_ Riot Gun destroyed. 03668_ I1-DCW(R) destroyed. 03671_ Destroyed Unknown Protection. 03675_ AD-AFO(R) destroyed. 03753_ Subatomizers dissect the Sub. Power Source. 03764_ Acquired 26 matter. 03799_ 45%W|||SYMNK>QGSFM47E KBL 03834_ System corrupted: Component data lost. 03896_ Enh. Flamer destroyed. 03900_ S5-4DT(R) knocked back. 03900_ Lgt. Treads destroyed. 03904_ Sub. Machine Gun destroyed. Map ----- +----------------------------------------------------+ | ??????????????#### #?# #?# #????????? | | ???????????#### ### #?## #?????????? | | ???????????# !=#??? #?????????? | | ???????????## &%##?# ##????????? | | ????????????## #### *## #????????? | | ?????????????# ##??#[ ###?????????? | | ?????????????# ##???# #???????????? | | ?????????????# ###?##?# ##??????????? | | ?????????????# #### ### ####???????? | | ?????????????# ### #???????? | | ??????????#### * ### ##???????? | | ??????????# # ### ########????????? | | ???????????# ######?#### #?????????????? | | ???????????# # ####???????## ###???????????? | | ??????????## # ##???????# ##??????????? | | ??????????# #???????# #?####?????? | | ??????????## #???????#### ### #?????? | | ?????????## ##### #?????????## "## "#?????? | | ?????????# #???? ????????# ### "#?????? | | ????????## ####?? ???????# "### ##?????? | | ????????# ##? ##########" "## ##??????? | | ????????## ######## ""##?##" ##??????? | | ?????????## # #### " #####""" "#??????? | | ??????????# RR """#### "" #?????? | | ?????????## |" ""####" #?????? | | ??????"??# #;@# ##"" """#######?????? | | ?????## ## ##########" " "###???????? | | ?????# #" #????????#" "" " ##??????? | | ?????? ##????????# """ #??????? | | ?????# ###????????## ##" #??????? | | ???### #" ##?#######??# ####?? ##??????? | | ????" ###" #?## # #### ##??????????????? | | ???# " ?# ### #???????????????? | | ?? ?#$ ## ## ##???????????????? | | ??""??# "## ## ## # # #????????????????? | | ????????# ##### #### ???????????????? | | ????????## #??# #?? ###??????????????? | | ?????????## #?# #?? #????????????????? | | ??????????### ### #????????????????? | | ????????????# #?? # #????????????????? | | ???????????## ##?# ## ????????????????? | | ??????????## ##?# # ##### ????????????????? | | ??????????# ###? ## #???? ????????????????? | | ??????????# #? ### # #???#????????????????? | | ??????????## #######??# ? ???????????????????? | | ??????????# #????????###?#? ???????????????????? | | ??????????## ##?????????????????????????????????? | | ??????????# ##????????????????????????????????? | | ??????????# # #????????????????????????????????? | | ??????????# ##???????????????????????????????? | +----------------------------------------------------+ Best States ------------- Heat Dissipation 39 Energy Generation 15 Energy Capacity 250 Matter Stores 300 Matter Capacity 300 Sight Range 16 Terrain Scan Range 16 Terrain Scan Density 10 Evasion (%) 40 Recoil Reduction 2 Item Schematics ----------------- None Robot Schematics ------------------ None Fabricated ------------ Nothing Alien Tech Used ----------------- None Achievements -------------- None Challenges ------------ None Game ------ Seed LargeMagneticScrap Manual? 0 Play Time 00:31:26 Cumulative 146.6 hours Start 2024.06.08 @ 02:17:48 End 2024.06.08 @ 14:35:02 Sessions 3 Manual Loads 0 Difficulty Rogue Special Mode None Game No. 120 Rogue 115 Adventurer 5 Explorer 0 Win Type - Total 3 Types 2/0/1/0/0/0/0/0/0 Lore% 63 Gallery% 73 Achievement% 53 Wizard Run 0 Options --------- Layout 2 ASCII 0 Keyboard 0 Movement Mouse Keybinds 0 Fullscreen 2 Font 24/Smallcaps Map View 50x44 Zoom Use 0% Tactical HUD 1 Map Filters NONE Filters NONE Steam 1 RUN: 98e3a6b5-f99b-45b1-9f66-6900c4bc14b5